 Dungeon Crawl Stone Soup version 0.27.1-34-g3ba077fa99 (webtiles) character file.

Game seed: 1179615969778094066

23 Descartes the Grasshopper (level 3, 0/27 HPs)
             Began as a Formicid Warper on Jan 22, 2022.
             Was an Initiate of Ashenzari.
             Succumbed to an adder's poison
             ... on level 2 of the Dungeon.
             The game lasted 00:01:32 (1593 turns).

Descartes the Grasshopper (Formicid Warper)         Turns: 1593, Time: 00:01:32

Health: 0/27       AC:  3    Str: 16    XL:     3   Next: 12%
Magic:  6/6        EV: 11    Int: 12    God:    Ashenzari [......]
Gold:   16         SH:  0    Dex: 10    Spells: 6/6 levels left

rFire    . . .     SeeInvis +   a - +0 mace
rCold    . . .     Faith    .   (no shield)
rNeg     . . .     Spirit   .   b - +0 leather armour
rPois    .         Reflect  .   (helmet unavailable)
rElec    .         Harm     .   (no cloak)
rCorr    .         Rampage  .   (no gloves)
Will     .....                  (no boots)
Stlth    +.........             (no amulet)
HPRegen  0.09/turn              (no ring)
MPRegen  0.10/turn              (no ring)

@: mighty, lethally poisoned (0 -> -7)
A: permanent stasis, dig shafts and tunnels, antennae 3, four strong arms
a: Dig, Shaft Self, Renounce Religion, Curse Item


You were on level 2 of the Dungeon.
You worshipped Ashenzari.
Ashenzari was noncommittal.
You visited 1 branch of the dungeon, and saw 2 of its levels.

You collected 16 gold pieces.

Inventory:

Hand Weapons
 a - a +0 mace (weapon)
Missiles
 c - 5 boomerangs of dispersal (quivered)
 d - 41 stones
Armour
 b - a +0 leather armour (worn)
Scrolls
 e - 2 scrolls of identify
 g - a scroll of enchant weapon


   Skills:
 - Level 2.1 Fighting
 - Level 2.0 Maces & Flails
 - Level 1.0 Throwing
 + Level 2.3 Armour
 - Level 1.7 Dodging
 - Level 2.1 Spellcasting
 + Level 3.2 Translocations


You had 6 spell levels left.
You didn't know any spells.
Your spell library contained the following spells:

 Spells                   Type           Power      Damage    Failure   Level
 Gell's Gravitas          Tloc           4%         N/A       26%         3
 Lesser Beckoning         Tloc           4%         N/A       26%         3
 Teleport Other           Tloc           9%         N/A       26%         3
 Manifold Assault         Tloc           9%         N/A       93%         5
 Blink                    Tloc           Unusable   N/A       N/A         2

Dungeon Overview and Level Annotations

Branches:
Dungeon (2/15)

Altars:
Ashenzari


Innate Abilities, Weirdness & Mutations

You cannot be hasted, slowed, berserked, paralysed or teleported.
You can dig through walls and to a lower floor.
You have a pair of large antennae on your head. (SInv)
Your four strong arms can wield two-handed weapons with a shield.


Message History

The bat barely misses you.
You hit the bat.
The bat is heavily wounded.
The bat hits you. The bat hits you but does no damage.
The hobgoblin barely misses you.
A frilled lizard comes into view.
You hit the bat.
You kill the bat!
The hobgoblin closely misses you. The adder bites you but does no damage.
The hobgoblin hits you but does no damage.
You barely miss the adder. The adder bites you but does no damage.
The hobgoblin barely misses you. The adder barely misses you.
You closely miss the adder. The adder misses you.
The hobgoblin barely misses you.
The frilled lizard hisses.
You hit the adder but do no damage. The adder barely misses you.
The hobgoblin barely misses you.
The hobgoblin hits you but does no damage.
The adder bites you.
You closely miss the adder. The hobgoblin closely misses you. x2
The adder barely misses you. The hobgoblin closely misses you.
The hobgoblin hits you. The adder bites you.
You closely miss the adder. The adder bites you but does no damage.
The hobgoblin barely misses you. The hobgoblin hits you.
You thump the adder!
The adder is severely wounded.
The adder bites you.
You are poisoned.
The adder poisons you! The hobgoblin hits you. The hobgoblin barely misses you.
The adder bites you.
You are lethally poisoned!
The adder poisons you!
* * * LOW HITPOINT WARNING * * *
You feel very sick.
You feel very mighty all of a sudden.
* * * LOW HITPOINT WARNING * * *
You feel sick. The adder bites you.
* * * LOW HITPOINT WARNING * * *
The hobgoblin closely misses you. The adder barely misses you.
You die...

#.....#
###†######
#........#
#...†....#
#........#
#........#
#........#
#........#
#####.@###
##.## #gS#
#..lg.#
####...#
#...#
#.#..
....>.
..#####


You could see an adder, 2 hobgoblins and a frilled lizard.

Vanquished Creatures
  A dart slug (D:1)
  2 bats (D:2)
  2 endoplasms (D:1)
  3 giant cockroaches
  A hobgoblin (D:1)
  A quokka (D:1)
  3 ball pythons (D:1)
  3 frilled lizards (D:1)
  2 goblins (D:1)
  A kobold (D:1)
  A rat (D:2)
20 creatures vanquished.

Notes
Turn   | Place    | Note
-------+----------+-------------------------------------------
     0 | D:1      | Descartes the Formicid Warper began the quest for the Orb.
     0 | D:1      | Reached XP level 1. HP: 16/16 MP: 3/3
   231 | D:1      | Found a faded altar of an unknown god.
   449 | D:1      | Became a worshipper of Ashenzari the Shackled
   492 | D:1      | Reached XP level 2. HP: 22/22 MP: 5/5
   500 | D:1      | Reached skill level 3 in Translocations
  1506 | D:2      | Reached XP level 3. HP: 23/27 MP: 6/6
  1593 | D:2      | Succumbed to an adder's poison

Illustrated notes

Levels and vault maps discovered:
D:1:      minmay_arrival_doors, layout_loops_corners,
          shapermc_ecumenical_altar_totnotflames
D:2:      layout_basic, minivault_27

Skill      XL: |  1  2 |
---------------+-------+-----
Translocations | 3 |  3.2
Armour         | 2 |  2.3
Fighting       | |  2.1
Maces & Flails | |  2.0
Throwing       | |  1.0
Dodging        | |  1.7
Spellcasting   | |  2.1

Action                   || total
-------------------------++-------
Melee: Mace              ||    69
  Use: Potion            ||     1
Armor: Leather armour    ||    25
Dodge: Dodged            ||    55
